 Dungeon Crawl Stone Soup version 0.26-a0-259-g1effd001a9 (webtiles) character file.

Game seed: 7022064806460436072

845 HoaS the Ruffian (level 8, -3/49 HPs)
             Began as a Gargoyle Gladiator on July 18, 2020.
             Was a Follower of Makhleb.
             Killed from afar by Dowan (17 damage)
             ... with a shard of ice
             ... on level 5 of the Dungeon.
             The game lasted 00:10:51 (4676 turns).

HoaS the Ruffian (Gargoyle Gladiator)               Turns: 4676, Time: 00:10:52

Health: -3/49      AC: 16    Str: 18    XL:     8   Next: 0%
Magic:  8/8        EV: 15    Int:  9    God:    Makhleb [*.....]
Gold:   309        SH:  0    Dex: 13    Spells: 7/7 levels left

rFire    . . .     SeeInvis .     - Unarmed
rCold    . . .     Faith    .   (no shield)
rNeg     + . .     Spirit   .   p - +0 scale mail
rPois    ∞         Reflect  .   b - +1 helmet
rElec    +         Harm     .   (no cloak)
rCorr    .                      k - +2 pair of gloves
MR       .....                  (no boots)
Stlth    ..........             (no amulet)
HPRegen  0.16/turn              f - +4 ring of evasion
MPRegen  0.11/turn              (no ring)

@: glowing
A: negative energy resistance 1, electricity resistance, unbreathing,
petrification resistance, rot immunity, AC +5
a: Renounce Religion


You were on level 5 of the Dungeon.
You worshipped Makhleb.
Makhleb was aware of your devotion.
You were not hungry.

You visited 1 branch of the dungeon, and saw 5 of its levels.

You collected 309 gold pieces.

Inventory:

Missiles
 c - 3 throwing nets (quivered)
Armour
 b - a +1 helmet (worn)
 k - a +2 pair of gloves (worn)
 p - a +0 scale mail (worn)
Jewellery
 f - a +4 ring of evasion (left hand)
 q - an uncursed amulet of faith
Wands
 j - a wand of acid (7)
Scrolls
 e - 3 scrolls of remove curse
 o - 3 scrolls of magic mapping
Potions
 a - a potion of brilliance {unknown}
 g - 3 potions of heal wounds {unknown}
 h - a potion of curing {unknown}
 i - a potion of lignification {unknown}
 l - a potion of mutation {unknown}
 n - a potion of magic {unknown}
Comestibles
 d - 12 rations


   Skills:
 + Level 5.1 Fighting
 - Level 1.7 Throwing
 + Level 4.3 Dodging
 * Level 6.9 Unarmed Combat


You had 7 spell levels left.
You didn't know any spells.
Your spell library contained the following spells:

 Spells                   Type           Power        Failure   Level
 Magic Dart               Conj           #...         80%         1
 Blink                    Tloc           N/A          91%         2
 Call Imp                 Summ           #.......     91%         2
 Slow                     Hex            #.......     91%         2
 Conjure Flame            Conj/Fire      #.......     99%         3
 Mephitic Cloud           Conj/Pois/Air  #.......     99%         3
 Dispel Undead            Necr           #.......     100%        4
 Borgnjor's Vile Clutch   Necr/Erth      #.........   100%        5
 Death Channel            Necr           #.........   100%        6
 Sublimation of Blood     Necr           Unusable     N/A         2

Dungeon Overview and Level Annotations

Branches:
Dungeon (5/15)             Temple (0/1) D:4

Altars:
Kikubaaqudgha
Makhleb
Yredelemnul

Annotations:
D:5 Dowan


Innate Abilities, Weirdness & Mutations

You are resistant to torment.
Your stone body is resilient. (AC +5)
You are immune to poison.
You resist negative energy. (rN+)
You are resistant to electric shocks. (rElec)
You can survive without breathing.
You are immune to petrification.
You are immune to rotting.


Message History

Dowan is heavily wounded.
Dowan barely misses you.
You hit Dowan but do no damage.
Dowan is heavily wounded.
Dowan closely misses you.
You hit Dowan but do no damage.
Dowan is heavily wounded.
Dowan hits you but does no damage. x2
You closely miss Dowan.
Dowan is heavily wounded.
Dowan hits you with a +0 dagger.
You miss Dowan.
Dowan is heavily wounded.
Dowan misses you.
You completely miss Dowan.
Dowan is heavily wounded.
Dowan says, "Magic will overcome all!"
Dowan gestures at you while chanting. The shard of ice hits you!
You die...

#.......# ##.....#######
#......>##(..# #.....).##...#
#.......##.(.###
##.......#.....##### #.
########....#.....#.....####...
#......####...e...)..........#.
#......# ###.@................
#......#######.#.#####......###
#................### ########
#............#.....#
####.#.#####..(###.# #.....#
###.###.##### #.#.###
#)#........
#.#..†#######...#(.....
#.....................#


You could see Dowan (fast, resistant).

Vanquished Creatures
  The ghost of shadizar the Sneak, an amateur OpBr (D:4)
  Duvessa (D:5)
  An ice beast (D:5)
  A centaur (D:5)
  A scorpion (D:4)
  A wight (D:5)
  A hound (D:5)
  An orc priest (D:3)
  An orc wizard (D:4)
  An iguana (D:4)
  2 worker ants
  Robin (D:1)
  5 adders
  2 gnolls (D:1)
  A worm (D:3)
  3 dart slugs
  8 leopard geckos
  7 orcs
  14 giant cockroaches
  15 goblins
  5 hobgoblins
  2 jackals (D:4)
  A quokka (D:2)
  4 bats
  6 frilled lizards
  5 kobolds
  9 rats
100 creatures vanquished.

Vanquished Creatures (others)
  A frilled lizard (D:5)
1 creature vanquished.

Grand Total: 101 creatures vanquished

Notes
Turn   | Place    | Note
-------+----------+-------------------------------------------
     0 | D:1      | HoaS the Gargoyle Gladiator began the quest for the Orb.
     0 | D:1      | Reached XP level 1. HP: 12/12 MP: 1/1
    29 | D:1      | Reached XP level 2. HP: 10/18 MP: 2/2
   292 | D:1      | Reached XP level 3. HP: 22/22 MP: 3/3
   999 | D:2      | Noticed Robin
  1036 | D:1      | Killed Robin
  1036 | D:1      | Reached skill level 4 in Unarmed Combat
  1036 | D:1      | Reached XP level 4. HP: 14/28 MP: 4/4
  1416 | D:2      | Found a basalt altar of Yredelemnul.
  2150 | D:3      | Found a burning altar of Makhleb.
  2159 | D:3      | Became a worshipper of Makhleb the Destroyer
  2239 | D:3      | Reached XP level 5. HP: 32/32 MP: 5/5
  2761 | D:3      | Found a glowing drain.
  3240 | D:4      | Reached skill level 5 in Unarmed Combat
  3464 | D:4      | Reached XP level 6. HP: 38/38 MP: 6/6
  3854 | D:4      | Found a staircase to the Ecumenical Temple.
  3908 | D:4      | Found a large runed translucent door.
  3908 | D:4      | Found a large runed translucent door.
  3910 | D:4      | Noticed shadizar's ghost (amateur OpBr)
  3944 | D:4      | Identified the Papyrus of Stoicism
  4006 | D:4      | Found an ancient bone altar of Kikubaaqudgha.
  4103 | D:4      | Killed shadizar's ghost
  4135 | D:5      | Entered Level 5 of the Dungeon
  4146 | D:4      | Reached XP level 7. HP: 31/44 MP: 7/7
  4274 | D:5      | Reached skill level 6 in Unarmed Combat
  4313 | D:5      | Reached * piety under Makhleb
  4624 | D:5      | Noticed Dowan
  4625 | D:5      | Noticed Duvessa
  4629 | D:5      | Reached skill level 5 in Fighting
  4660 | D:5      | Killed Duvessa
  4660 | D:5      | Reached XP level 8. HP: 30/49 MP: 8/8
  4676 | D:5      | Killed from afar by Dowan

Illustrated notes

Levels and vault maps discovered:
D:1:      giann_horns, layout_loops_ring, serial_park_tiny_2, minmay_unequal
D:2:      layout_basic, yredelemnul_altar_generic, uniq_robin
D:3:      layout_loops_ring, lemuel_crystal_altar, gup_sewer_entry_pipe
D:4:      layout_cave_pools, kennysheep_mini_moat, minmay_temple_entry_fiery,
          first_ration, ebering_ghost_disaster_area
D:5:      layout_rooms, kennysheep_small_circle, uniq_duvessa, uniq_menkaure

Skill      XL: |  1  2  3  4  5  6  7 |
---------------+----------------------+-----
Fighting       | 3 4 5 |  5.1
Unarmed Combat | 4 5 6 |  6.9
Dodging        | 3 4 |  4.3
Throwing       | |  1.7

Action                   |  1- 3 |  4- 6 |  7- 9 || total
-------------------------+-------+-------+-------++-------
Melee: Unarmed           |    82 |   336 |   106 ||   524
       Punch             |     2 |     6 |     6 ||    14
Throw: Throwing net      |       |       |     1 ||     1
  Use: Scroll            |       |     7 |     3 ||    10
 Stab: Held in net/web   |       |       |     1 ||     1
  Eat: Ration            |       |     3 |     1 ||     4
Armor: Leather armour    |    29 |   118 |     5 ||   152
       Scale mail        |       |       |    36 ||    36
Dodge: Dodged            |    61 |   193 |    67 ||   321

Table legend:
 A = Non-vault XP
 B = Vault XP
 C = Vault XP percentage of total XP
 D = Non-vault monster count
 E = Vault monster count
 F = Vault count percentage of total count
                 A         B        C        D         E       F
            +---------+---------+-------+---------+---------+-------
      Total |     817 |     391 |  32.4 |      76 |      24 |  24.0
            +---------+---------+-------+---------+---------+-------
        D:1 |      57 |      24 |  29.6 |      17 |       6 |  26.1
        D:2 |      63 |      16 |  20.3 |      30 |       8 |  21.1
        D:3 |      87 |      22 |  20.2 |      10 |       8 |  44.4
        D:4 |     226 |     176 |  43.8 |      13 |       1 |   7.1
        D:5 |     384 |     153 |  28.5 |       6 |       1 |  14.3
            +---------+---------+-------+---------+---------+-------
